 Dungeon Crawl Stone Soup version 0.27-a0-732-ga892ba84f6 (webtiles) character file.

Game seed: 16952180528695611796

26 rageheart7 the Skirmisher (level 2, 0/24 HPs)
             Began as a Demonspawn Chaos Knight on Mar 23, 2021.
             Was a Plaything of Xom.
             Slain by a giant cockroach (1 damage)
             ... on level 2 of the Dungeon.
             The game lasted 00:01:52 (1449 turns).

rageheart7 the Skirmisher (Demonspawn Chaos Knight) Turns: 1449, Time: 00:01:54

Health: 0/24       AC:  5    Str: 12    XL:     2   Next: 89%
Magic:  2/2        EV: 11    Int: 13    God:    Xom [....*.]
Gold:   72         SH:  0    Dex: 12    Spells: 1/1 levels left

rFire    . . .     SeeInvis .   a - +0 mace (chaos)
rCold    . . .     Faith    .   (no shield)
rNeg     . . .     Spirit   .   b - +2 leather armour
rPois    .         Reflect  .   (no helmet)
rElec    .         Harm     .   (no cloak)
rCorr    .         Rampage  .   (no gloves)
Will     .....                  (no boots)
Stlth    +.........             (no amulet)
HPRegen  0.08/turn              (no ring)
MPRegen  0.16/turn              (no ring)

@: no status effects
A: magic regeneration
a: Renounce Religion


You were on level 2 of the Dungeon.
You worshipped Xom.
You were a beloved toy of Xom.
You visited 1 branch of the dungeon, and saw 2 of its levels.

You collected 72 gold pieces.

Inventory:

Hand Weapons
 a - a +0 mace of chaos (weapon)
Armour
 b - a +2 leather armour (worn)


   Skills:
 * Level 3.5 Fighting
 * Level 3.3 Maces & Flails
 - Level 1.7 Armour
 - Level 0.8 Dodging


You had one spell level left.
You didn't know any spells.
Your spell library contained the following spells:

 Spells                   Type           Power      Damage    Failure   Level
 Animate Skeleton         Necr           0%         N/A       36%         1
 Apportation              Tloc           0%         N/A       36%         1
 Corona                   Hex            0%         N/A       36%         1
 Summon Small Mammal      Summ           0%         N/A       36%         1


Dungeon Overview and Level Annotations

Branches:
Dungeon (2/15)

Altars:
The Shining One


Innate Abilities, Weirdness & Mutations

You regenerate magic rapidly.


Message History

"Just a minor improvement..."
A door bursts open!
The bat misses you. The bat barely misses you.
The bat hits you but does no damage. x2
The worm is no longer berserk.
The bat misses you.
The giant cockroach stops glowing.
The bat hits you but does no damage.
You hit the bat but do no damage.
The bat is poisoned.
The rat stops glowing.
The worm stops glowing.
The bat hits you.
* * * LOW HITPOINT WARNING * * *
The giant cockroach bites you but does no damage.
The giant cockroach closely misses you.
You feel better. The bat hits you but does no damage.
The giant cockroach barely misses you.
You barely miss the giant cockroach. The bat hits you.
* * * LOW HITPOINT WARNING * * *
The giant cockroach bites you but does no damage.
You hit the bat but do no damage. The bat barely misses you.
The giant cockroach completely misses you.
The giant cockroach bites you but does no damage.
You hit the bat.
You kill the bat!
The giant cockroach bites you.
* * * LOW HITPOINT WARNING * * *
You barely miss the giant cockroach. The giant cockroach barely misses you.
The rat bites you.
* * * LOW HITPOINT WARNING * * *
The giant cockroach waves its antennae.
The giant cockroach bites you but does no damage.
You barely miss the giant cockroach.
The worm looks more energetic.
The giant cockroach bites you but does no damage.
The rat bites you.
* * * LOW HITPOINT WARNING * * *
You hit the rat.
You kill the rat!
The giant cockroach bites you.
* * * LOW HITPOINT WARNING * * *
The giant cockroach bites you.
You die... "Huh?
Did I miss anything?"

......##...#
......##...#
......##...#
......##...#
......##...#####
...............#
...............#
...............#####
..............w.@..#
...###.........B...#
...# #.............#
..####...###########
.........#
.........# .......
....... .......


You could see a worm and a giant cockroach.

Vanquished Creatures
  A dart slug (D:1)
  2 ball pythons (D:1)
  4 goblins (D:1)
  2 kobolds (D:1)
  3 oozes
  A quokka (D:1)
  3 bats
  2 frilled lizards (D:1)
  6 rats
24 creatures vanquished.

Notes
Turn   | Place    | Note
-------+----------+-------------------------------------------
     0 | D:1      | rageheart7 the Demonspawn Chaos Knight began the quest for
                  | the Orb.
     0 | D:1      | Reached XP level 1. HP: 18/18 MP: 1/1
    27 | D:1      | XOM: silly message
   300 | D:1      | Gained mutation: You regenerate magic rapidly. [demonic
                  | ancestry]
   300 | D:1      | Reached XP level 2. HP: 21/24 MP: 2/2
  1131 | D:1      | XOM: noise
  1417 | D:2      | XOM: noise
  1434 | D:2      | XOM: fake destruction
  1436 | D:2      | XOM: scenery: 1 doors open
  1449 | D:2      | HP: 1/24 [giant cockroach (1)]
  1449 | D:2      | Slain by a giant cockroach

Illustrated notes

Levels and vault maps discovered:
D:1:      evilmike_arrival_plus, layout_loops_corners
D:2:      minmay_door_path, layout_basic, nicolae_overflow_crystal_walls

Skill      XL: |  1 |
---------------+----+-----
Maces & Flails | 3 |  3.3
Fighting       | |  3.5
Armour         | |  1.7
Dodging        | |  0.8

Action                   || total
-------------------------++-------
Melee: Mace              ||    79
  Use: Scroll            ||     3
       Potion            ||     1
Armor: Leather armour    ||    41
Dodge: Dodged            ||    60

Table legend: (Time is in decaauts)
 A = Elapsed time spent in this place.
 B = Non-inter-level travel time spent in this place.
 C = Inter-level travel time spent in this place.
 D = Time resting spent in this place.
 E = Time spent auto-exploring this place.
 F = Levels seen in this place.
 G = Mean time per level.
                   A        B        C        D        E       F      G
               +--------+--------+--------+--------+--------+-----+--------+
         Total |   1468 |   1428 |     40 |    186 |   1039 |   2 |  734.0 |
       Dungeon |   1468 |   1428 |     40 |    186 |   1039 |   2 |  734.0 |
               +--------+--------+--------+--------+--------+-----+--------+

Top non-repeatable levels by time:
     D:1: 1385 daAuts
     D:2: 82 daAuts
